 Dungeon Crawl Stone Soup version 0.21-a0-400-g417d9d2 (webtiles) character file.

627 CanOfBees the Skirmisher (level 7, -7/64 HPs)
             Began as a Minotaur Monk on Oct 20, 2017.
             Was a Believer of Wu Jian.
             Killed from afar by Pikel (16 damage)
             ... with a wand of acid (?/15)
             ... on level 4 of the Dungeon.
             The game lasted 00:06:00 (4157 turns).

CanOfBees the Skirmisher (Minotaur Monk)            Turns: 4157, Time: 00:06:01

Health: -7/64      AC:  5    Str: 15    XL:     7   Next: 23%
Magic:  6/6        EV: 14    Int: 12    God:    Wu Jian [**....]
Gold:   166        SH:  0    Dex: 15    Spells: 6/6 levels left

rFire    . . .     SeeInvis .   e - +1 falchion (freeze)
rCold    . . .     Gourm    .   (no shield)
rNeg     . . .     Faith    .   u - +4 ring mail
rPois    .         Spirit   .   (helmet restricted)
rElec    .         Reflect  .   (no cloak)
rCorr    .         Harm     .   (no gloves)
MR       .....                  (no boots)
Stlth    +.........             (no amulet)
HPRegen  0.20/turn              (no ring)
MPRegen  0.10/turn              (no ring)

@: brilliant, corroded
A: retaliatory headbutt, horns 2
a: Renounce Religion


You were on level 4 of the Dungeon.
You worshipped Wu Jian.
Wu Jian was pleased with you.
You were not hungry.

You visited 1 branch of the dungeon, and saw 4 of its levels.

You collected 166 gold pieces.

Inventory:

Hand Weapons
 e - a +1 falchion of freezing (weapon)
 o - a +2 hunting sling of freezing
 x - a +2 short sword of holy wrath
Missiles
 d - 112 sling bullets
 g - a throwing net (quivered)
 v - 8 tomahawks
Armour
 b - a +0 robe
 n - a +0 cloak
 u - a +4 ring mail (worn)
Scrolls
 h - a scroll of noise {unknown}
 j - a scroll of identify {unknown}
 k - a scroll of amnesia {unknown}
 p - a scroll of remove curse
 r - a scroll of immolation {unknown}
 s - 2 scrolls of magic mapping {unknown}
 w - a scroll of recharging {unknown}
 y - a scroll of teleportation
 z - a scroll of blinking {unknown}
Potions
 l - a potion of mutation {unknown}
 q - a potion of invisibility {unknown}
 t - a potion of heal wounds {unknown}
 B - a potion of agility {unknown}
Books
 a - a book of Minor Magic

   Spells                             Type                      Level
   a - Magic Dart                     Conjuration                  1
   b - Blink                          Translocation                2
   c - Call Imp                       Summoning                    2
   d - Slow                           Hexes                        2
   e - Conjure Flame                  Conjuration/Fire             3
   f - Mephitic Cloud                 Conjuration/Poison/Air       3
Comestibles
 c - 5 bread rations
 i - 2 royal jellies
 m - 8 fruits
 A - 4 chunks of flesh


   Skills:
 + Level 6.5 Fighting
 + Level 6.5 Long Blades
 + Level 5.9 Dodging
 - Level 1.5 Stealth


You had 6 spell levels left.
You didn't know any spells.

Dungeon Overview and Level Annotations

Branches:
Dungeon (4/15)
 Temple: D:4-7

Altars:
Cheibriados
Okawaru
Wu Jian

Shops:
D:4 (

Annotations:
D:4 Pikel


Innate Abilities, Weirdness & Mutations

You reflexively headbutt those who attack you in melee.
You have a pair of horns on your head.


Message History

You headbutt the slave!
Pikel zaps a wand.
The bolt of acid hits you! The acid corrodes you!
You are splashed with acid!
The acid burns!
* * * LOW HITPOINT WARNING * * *
Some of the chunks of flesh in your inventory have rotted away.
You barely miss Pikel. The slave barely misses you.
You riposte.
You hit the slave but do no damage.
You headbutt the slave, but do no damage.
The slave is moderately wounded.
Pikel hits you with a whip of freezing.
* * * LOW HITPOINT WARNING * * *
Pikel freezes you.
* * * LOW HITPOINT WARNING * * *
You hit Pikel but do no damage. You headbutt Pikel.
Pikel is lightly wounded.
Pikel barely misses you. You furiously retaliate!
You headbutt Pikel, but do no damage.
It was a potion of brilliance.
You feel clever all of a sudden.
Pikel zaps a wand.
The bolt of acid hits you!
You die...

#...........#.##.#
#..........##.# ..
#...##........# ..
#...##..#######
#...##รท.#
#.###.......#
#........#.##
#........#...
#.#####p@#####
#pK# #..p #..##
##.# p.# ###


You could see Pikel and 4 slaves.

Vanquished Creatures
  The ghost of FrankyJ the Firebug, an amateur HOFE (D:3)
  Menkaure (D:4)
  An ogre (D:4)
  A crocodile (D:4)
  An iguana (D:4)
  2 worker ants
  An adder (D:3)
  A worm (D:2)
  2 dart slugs
  4 leopard geckos
  3 orcs (D:3)
  4 giant cockroaches
  7 goblins
  2 hobgoblins (D:3)
  7 jackals
  A quokka (D:4)
  3 ball pythons
  6 bats
  6 frilled lizards
  A jackal skeleton (D:4)
  6 kobolds
  13 rats
74 creatures vanquished.

Notes
Turn   | Place    | Note
-------+----------+-------------------------------------------
     0 | D:1      | CanOfBees the Minotaur Monk began the quest for the Orb.
     0 | D:1      | Reached XP level 1. HP: 19/19 MP: 0/0
   244 | D:1      | Reached XP level 2. HP: 25/27 MP: 1/1
   785 | D:2      | Found an ornate altar of the Wu Jian Council.
   788 | D:2      | Found a snail-covered altar of Cheibriados.
   813 | D:2      | Became a worshipper of the Wu Jian Council
   813 | D:2      | Reached * piety under Wu Jian
   813 | D:2      | Reached ** piety under Wu Jian
   938 | D:2      | Reached XP level 3. HP: 12/33 MP: 2/2
  2038 | D:3      | Reached XP level 4. HP: 27/41 MP: 3/3
  2188 | D:3      | Noticed FrankyJ's ghost (amateur HOFE)
  2222 | D:3      | HP: 2/41 [FrankyJ's ghost/flame tongue (9)]
  2614 | D:3      | Found an iron altar of Okawaru.
  2905 | D:3      | Killed FrankyJ's ghost
  2905 | D:3      | Reached skill level 5 in Fighting
  2905 | D:3      | Reached skill level 5 in Long Blades
  2905 | D:3      | Reached skill level 5 in Dodging
  2905 | D:3      | Reached XP level 5. HP: 21/49 MP: 4/4
  2905 | D:3      | Reached XP level 6. HP: 24/56 MP: 5/5
  3507 | D:4      | Noticed Menkaure
  3515 | D:4      | Killed Menkaure
  3858 | D:4      | Found Seibekan's Weapon Shoppe.
  3920 | D:4      | Reached XP level 7. HP: 63/63 MP: 6/6
  4148 | D:4      | Noticed Pikel
  4157 | D:4      | Killed from afar by Pikel

Vault maps used:
D:1:      lemuel_arrival_broad_hall
D:2:      chequers_temple_overflow_statue_of_worship
D:3:      minmay_door_path, okawaru_altar_gauntlet_db, minivault_27
D:4:      nemelex_xobeh_ov_fountains_minmay, serial_shops, shop, uniq_natasha,
          uniq_pikel, uniq_menkaure

Skill      XL: |  1  2  3  4  5  6 |
---------------+-------------------+-----
Long Blades    | 4 5 6 |  6.5
Fighting       | 4 5 6 |  6.5
Dodging        | 4 5 |  5.9
Stealth        | |  1.5

Action                   |  1- 3 |  4- 6 |  7- 9 || total
-------------------------+-------+-------+-------++-------
Melee: Falchion          |    78 |    53 |    20 ||   151
       Headbutt          |    10 |    18 |     7 ||    35
       Short sword       |       |    11 |       ||    11
 Fire: Hunting sling     |     5 |     6 |       ||    11
Throw: Throwing net      |       |     1 |       ||     1
       Tomahawk          |       |     1 |       ||     1
  Use: Scroll            |     6 |     1 |       ||     7
       Potion            |       |     1 |     1 ||     2
 Stab: Sleeping          |     2 |       |       ||     2
  Eat: Chunk             |     3 |     6 |     1 ||    10
Armor: Robe              |     6 |       |       ||     6
       Ring mail         |    13 |    20 |     2 ||    35
Dodge: Dodged            |    72 |    49 |    11 ||   132
       Rpst.: Falchion   |    20 |     6 |     2 ||    28

Table legend:
 A = Spawn XP
 B = Non-spawn XP
 C = Spawn XP percentage of total XP
 D = Spawn monster count
 E = Non-spawn monster count
 F = Spawn count percentage of total count
 G = Total turns spent on level
                    A         B        C        D         E        F      G
               +---------+---------+-------+---------+---------+-------+---------
         Total |       0 |     897 |   0.0 |       0 |      74 |   0.0 |  4157
               +---------+---------+-------+---------+---------+-------+---------
           D:1 |       0 |      33 |   0.0 |       0 |      20 |   0.0 |   774
           D:2 |       0 |      32 |   0.0 |       0 |      19 |   0.0 |  1192
           D:3 |       0 |     355 |   0.0 |       0 |      24 |   0.0 |  1530
           D:4 |       0 |     477 |   0.0 |       0 |      11 |   0.0 |   661
               +---------+---------+-------+---------+---------+-------+---------
